[ AOE2 MATCH · #475035892 ]
UnrankedKoreans vs Ethiopians
[ REPLAY ANALYSIS · EXTRACTED FROM THE RECORDED GAME ]
Feudal
—
Castle
—
Imperial
—
| APM avg | 18.2 |
| APM peak | 30 |
| eAPM avg | 8.5 |
| Villagers / military | 23 / 0 |
Focus
⚔️ 11.4% · 🌾 88.6%
Feudal
11:24
Castle
—
Imperial
—
| APM avg | 23.2 |
| APM peak | 113 |
| eAPM avg | 15.8 |
| Villagers / military | 24 / 0 |
Focus
⚔️ 13.8% · 🌾 86.2%
Feudal
—
Castle
—
Imperial
—
| APM avg | 36.9 |
| APM peak | 76 |
| eAPM avg | 9.3 |
| Villagers / military | 19 / 0 |
Focus
⚔️ 26.1% · 🌾 73.9%
Feudal
—
Castle
—
Imperial
—
| APM avg | 0.3 |
| APM peak | 2 |
| eAPM avg | 0.3 |
| Villagers / military | 0 / 0 |
Feudal
—
Castle
—
Imperial
—
| APM avg | 29.3 |
| APM peak | 61 |
| eAPM avg | 13.6 |
| Villagers / military | 32 / 0 |
Focus
⚔️ 5.3% · 🌾 94.7%
Feudal
—
Castle
—
Imperial
—
| APM avg | 16.5 |
| APM peak | 51 |
| eAPM avg | 8.2 |
| Villagers / military | 14 / 0 |
Focus
⚔️ 14.9% · 🌾 85.1%
Feudal
—
Castle
—
Imperial
—
| APM avg | 20.7 |
| APM peak | 50 |
| eAPM avg | 7.5 |
| Villagers / military | 27 / 0 |
Focus
⚔️ 7.4% · 🌾 92.6%
Feudal
—
Castle
—
Imperial
—
| APM avg | 28.9 |
| APM peak | 70 |
| eAPM avg | 7.6 |
| Villagers / military | 27 / 0 |
Focus
⚔️ 4.9% · 🌾 95.1%
Match map
Initial resources + every placement click. Lines = walls · curves = elevation contours. ◆ gold · ⬟ stone · ● berries · ✦ relic · ◌ wall gap
Your base
ŞaşKomutan's base
8023's base
Allie Marshall's base
Sp@wn's base
VinRAR's base
JonnyD's base
cihuncihome's base
Smoothed initial terrain · ◌ = detected wall gap · hover for details
Inputs per minute
— Vaccras - - ŞaşKomutan
Build order — Vaccras
35 actions detected in the replay
| 0:10 | Build | Town Center |
| 0:46 | Build | Lumber Camp |
| 1:34 | Create | Villager (Male) |
| 1:34 | Create | Villager (Male) |
| 1:34 | Create | Villager (Male) |
| 1:35 | Create | Villager (Male) |
| 1:35 | Create | Villager (Male) |
| 2:34 | Create | Villager (Male) |
| 3:11 | Create | Villager (Male) |
| 3:35 | Create | Villager (Male) |
| 4:10 | Create | Villager (Male) |
| 4:10 | Create | Villager (Male) |
| 4:42 | Build | Mill |
| 4:45 | Create | Villager (Male) |
| 4:56 | Create | Villager (Male) |
| 4:57 | Create | Villager (Male) |
| 5:49 | Create | Villager (Male) |
| 5:50 | Create | Villager (Male) |
| 6:06 | Build | Mining Camp |
| 6:49 | Build | House |
| 6:51 | Build | House |
| 6:53 | Build | House |
| 7:17 | Create | Villager (Male) |
| 7:17 | Create | Villager (Male) |
| 7:46 | Create | Villager (Male) |
| 7:46 | Create | Villager (Male) |
| 8:19 | Build | Palisade Gate |
| 8:25 | Build | House |
| 8:57 | Create | Villager (Male) |
| 9:39 | Research | Feudal Age |
| 9:40 | Research | Loom |
| 9:58 | Build | House |
| 10:49 | Create | Villager (Male) |
| 10:49 | Create | Villager (Male) |
| 10:50 | Create | Villager (Male) |
Build order — ŞaşKomutan
34 actions detected in the replay
| 0:14 | Build | Town Center |
| 1:19 | Research | Loom |
| 1:20 | Create | Villager (Male) ×4 |
| 2:11 | Create | Villager (Male) |
| 2:12 | Create | Villager (Male) |
| 2:46 | Create | Villager (Male) |
| 2:46 | Create | Villager (Male) |
| 3:26 | Create | Villager (Male) |
| 3:26 | Create | Villager (Male) |
| 3:41 | Build | Lumber Camp |
| 3:49 | Create | Villager (Male) |
| 3:49 | Create | Villager (Male) |
| 4:31 | Build | Mill |
| 4:37 | Create | Villager (Male) |
| 4:37 | Create | Villager (Male) |
| 4:38 | Create | Villager (Male) |
| 5:02 | Build | House |
| 5:47 | Create | Villager (Male) |
| 5:47 | Create | Villager (Male) |
| 5:48 | Create | Villager (Male) |
| 5:48 | Create | Villager (Male) |
| 7:09 | Create | Villager (Male) ×5 |
| 7:28 | Build | House |
| 8:04 | Build | House |
| 8:22 | Build | Palisade Wall |
| 8:29 | Build | Palisade Wall |
| 8:57 | Research | Feudal Age |
| 9:23 | Build | Palisade Wall |
| 9:28 | Build | Palisade Wall |
| 9:47 | Build | Palisade Wall |
| 9:51 | Build | Palisade Gate |
| 10:04 | Build | Mining Camp |
| 10:12 | Build | Palisade Gate |
| 11:24 | Age | Feudal Age |
Build order — 8023
24 actions detected in the replay
| 1:12 | Build | Town Center |
| 2:14 | Create | Villager (Male) |
| 2:15 | Create | Villager (Male) |
| 2:15 | Create | Villager (Male) |
| 2:15 | Create | Villager (Male) |
| 2:15 | Create | Villager (Male) |
| 3:27 | Create | Villager (Male) |
| 3:54 | Build | Mill |
| 4:06 | Create | Villager (Male) |
| 4:33 | Create | Villager (Male) |
| 5:13 | Create | Villager (Male) |
| 5:27 | Research | Loom |
| 5:50 | Create | Villager (Male) |
| 5:59 | Create | Villager (Male) |
| 6:25 | Create | Villager (Male) |
| 6:25 | Create | Villager (Male) |
| 6:50 | Create | Villager (Male) |
| 6:50 | Create | Villager (Male) |
| 6:59 | Create | Villager (Male) |
| 7:20 | Build | House |
| 8:03 | Create | Villager (Male) |
| 8:19 | Build | Mining Camp |
| 8:53 | Create | Villager (Male) |
| 8:53 | Create | Villager (Male) |
Build order — Allie Marshall
0 actions detected in the replay
Build order — Sp@wn
43 actions detected in the replay
| 0:06 | Build | Town Center |
| 1:21 | Create | Villager (Male) |
| 1:21 | Create | Villager (Male) |
| 1:21 | Create | Villager (Male) |
| 1:22 | Create | Villager (Male) |
| 1:22 | Create | Villager (Male) |
| 1:50 | Create | Villager (Male) |
| 1:50 | Create | Villager (Male) |
| 1:58 | Build | Lumber Camp |
| 2:40 | Create | Villager (Male) |
| 2:40 | Create | Villager (Male) |
| 3:01 | Create | Villager (Male) |
| 3:02 | Create | Villager (Male) |
| 3:32 | Create | Villager (Male) |
| 3:33 | Create | Villager (Male) |
| 3:45 | Create | Villager (Male) |
| 3:46 | Create | Villager (Male) |
| 4:14 | Build | Mill |
| 4:36 | Create | Villager (Male) |
| 4:36 | Create | Villager (Male) |
| 4:37 | Create | Villager (Male) |
| 5:40 | Create | Villager (Male) |
| 5:40 | Create | Villager (Male) |
| 5:41 | Create | Villager (Male) |
| 5:46 | Build | House |
| 6:20 | Create | Villager (Male) |
| 6:20 | Create | Villager (Male) |
| 6:21 | Create | Villager (Male) |
| 6:36 | Build | Barracks |
| 7:13 | Create | Villager (Male) |
| 8:05 | Create | Villager (Male) |
| 8:05 | Create | Villager (Male) |
| 8:06 | Create | Villager (Male) |
| 8:19 | Create | Villager (Male) |
| 8:39 | Build | House |
| 8:42 | Build | House |
| 8:53 | Create | Villager (Male) |
| 8:56 | Research | Loom |
| 9:36 | Create | Villager (Male) |
| 9:49 | Create | Villager (Male) |
| 10:11 | Research | Feudal Age |
| 10:45 | Build | Mill |
| 11:17 | Build | Mining Camp |
Build order — VinRAR
15 actions detected in the replay
| 0:07 | Build | Town Center |
| 1:29 | Research | Loom |
| 2:30 | Build | Lumber Camp |
| 2:32 | Create | Villager (Male) ×2 |
| 3:23 | Create | Villager (Male) |
| 4:31 | Create | Villager (Male) ×3 |
| 5:51 | Create | Villager (Male) ×5 |
| 6:26 | Create | Villager (Male) |
| 7:41 | Build | Mill |
| 7:46 | Create | Villager (Male) |
| 7:54 | Build | Barracks |
| 8:16 | Create | Villager (Male) |
| 8:57 | Research | Feudal Age |
| 9:01 | Build | House |
| 9:02 | Build | Palisade Wall |
Build order — JonnyD
39 actions detected in the replay
| 0:15 | Build | Town Center |
| 1:22 | Create | Villager (Male) |
| 1:23 | Create | Villager (Male) |
| 1:23 | Create | Villager (Male) |
| 1:31 | Create | Villager (Male) |
| 1:31 | Create | Villager (Male) |
| 2:09 | Create | Villager (Male) |
| 2:10 | Create | Villager (Male) |
| 2:57 | Create | Villager (Male) |
| 2:57 | Create | Villager (Male) |
| 2:57 | Create | Villager (Male) |
| 2:57 | Create | Villager (Male) |
| 3:13 | Build | Lumber Camp |
| 3:37 | Create | Villager (Male) |
| 3:37 | Create | Villager (Male) |
| 3:37 | Create | Villager (Male) |
| 3:37 | Create | Villager (Male) |
| 4:41 | Create | Villager (Male) |
| 4:42 | Create | Villager (Male) |
| 4:42 | Create | Villager (Male) |
| 4:42 | Create | Villager (Male) |
| 4:52 | Build | Mill |
| 5:10 | Build | House |
| 5:13 | Build | House |
| 5:23 | Create | Villager (Male) |
| 6:05 | Create | Villager (Male) |
| 6:18 | Create | Villager (Male) |
| 6:37 | Create | Villager (Male) |
| 6:52 | Build | House |
| 6:53 | Build | House |
| 7:00 | Build | Palisade Gate |
| 7:10 | Create | Villager (Male) |
| 7:38 | Create | Villager (Male) |
| 8:17 | Create | Villager (Male) |
| 8:53 | Build | House |
| 8:56 | Build | House |
| 9:03 | Create | Villager (Male) |
| 9:59 | Research | Feudal Age |
| 10:06 | Build | Barracks |
Build order — cihuncihome
33 actions detected in the replay
| 0:07 | Build | Town Center |
| 1:10 | Create | Villager (Male) |
| 1:11 | Create | Villager (Male) |
| 1:11 | Create | Villager (Male) |
| 1:42 | Create | Villager (Male) |
| 1:42 | Create | Villager (Male) |
| 1:42 | Create | Villager (Male) |
| 2:13 | Create | Villager (Male) |
| 2:13 | Create | Villager (Male) |
| 2:44 | Create | Villager (Male) |
| 3:09 | Create | Villager (Male) |
| 3:09 | Create | Villager (Male) |
| 3:09 | Create | Villager (Male) |
| 3:26 | Create | Villager (Male) |
| 3:26 | Create | Villager (Male) |
| 3:26 | Create | Villager (Male) |
| 3:26 | Create | Villager (Male) |
| 3:48 | Build | Lumber Camp |
| 4:03 | Create | Villager (Male) |
| 4:33 | Create | Villager (Male) |
| 4:34 | Create | Villager (Male) |
| 4:42 | Build | House |
| 5:38 | Create | Villager (Male) |
| 5:53 | Build | House |
| 6:02 | Create | Villager (Male) |
| 6:35 | Create | Villager (Male) |
| 6:58 | Build | Mill |
| 7:01 | Create | Villager (Male) |
| 7:28 | Create | Villager (Male) |
| 7:46 | Create | Villager (Male) |
| 7:59 | Create | Villager (Male) |
| 8:00 | Create | Villager (Male) |
| 8:24 | Build | Mining Camp |
Match timeline
| 6:36 | Sp@wn · first_building Barracks |
| 7:54 | VinRAR · first_building Barracks |
| 8:22 | ŞaşKomutan · wall_segment Palisade Wall x11 |
| 8:29 | ŞaşKomutan · wall_segment Palisade Wall x28 |
| 8:31 | cihuncihome · resign |
| 9:02 | VinRAR · wall_segment Palisade Wall x1 |
| 9:23 | ŞaşKomutan · wall_segment Palisade Wall x11 |
| 9:28 | ŞaşKomutan · wall_segment Palisade Wall x18 |
| 9:47 | ŞaşKomutan · wall_segment Palisade Wall x8 |
| 10:06 | JonnyD · first_building Barracks |
| 11:24 | ŞaşKomutan · age_up feudal |
[ AI ANALYSIS · 1 CREDIT ]
What really happened in this match?
Wolo.gg analyzes every decision: build order, eco, micro, common mistakes by bracket. Personalized analysis on WhatsApp or Discord in 30 seconds.
Civ guide
Koreans
Perfil
Jugador #18247404